 Dungeon Crawl Stone Soup version 0.27-a0-1105-g946c659c87 (webtiles) character file.

Game seed: 8451262780816731418

10600 robertstho the Protected (level 11, -6/106 HPs)
             Began as a Tengu Berserker on Apr 30, 2021.
             Was an Elder of Trog.
             Splashed by an oklob plant's acid (19 damage)
             ... on level 1 of the Lair of Beasts.
             The game lasted 00:14:47 (9375 turns).

robertstho the Protected (Tengu Berserker)          Turns: 9375, Time: 00:14:48

Health: -6/106     AC:  2    Str: 21    XL:     11   Next: 64%
Magic:  12/12      EV: 13    Int:  7    God:    Trog [****..]
Gold:   467        SH: 10    Dex: 14    Spells: 10/10 levels left

rFire    . . .     SeeInvis .   u - +1 scimitar (flame)
rCold    . . .     Faith    .   r - +0 kite shield
rNeg     . . .     Spirit   .   q - +1 chain mail {rPois}
rPois    +         Reflect  .   (helmet restricted)
rElec    .         Harm     .   (no cloak)
rCorr    .         Rampage  .   j - +0 pair of gloves
Will     .....                  (boots unavailable)
Stlth    ..........             a - amulet of regeneration
HPRegen  1.27/turn              w - +4 ring of evasion
MPRegen  0.13/turn              (no ring)

@: berserking (expiring), corroded, flying quickly and evasively, very quick
A: beak, talons 3, nimble flight
a: Renounce Religion, Berserk, Trog's Hand, Brothers in Arms


You were on level 1 of the Lair of Beasts.
You worshipped Trog.
Trog was greatly pleased with you.
You visited 2 branches of the dungeon, and saw 12 of its levels.

You collected 676 gold pieces.
You spent 209 gold pieces at shops.

Inventory:

Hand Weapons
 s - the +10 whip of Spite {flame, Int+2}
   (You found it on level 6 of the Dungeon)

   It has been specially enchanted to burn those struck by it, causing extra
   injury to most foes and up to half again as much damage against particularly
   susceptible opponents.
   It affects your intelligence (+2).
 t - the +10 long sword of Vidwudet {holy, rPois Str+3}
   (You found it on level 6 of the Dungeon)

   It has been blessed by the Shining One to cause great damage to the undead
   and demons.
   It affects your strength (+3).
   It protects you from poison.
 u - a +1 scimitar of flaming (weapon)
 z - the +6 whip of the People {vorpal, rN+ Will- Dex+6}
   (You found it on level 9 of the Dungeon)

   It inflicts extra damage upon your enemies.
   It affects your dexterity (+6).
   It protects you from negative energy.
   It decreases your willpower.
Armour
 j - a +0 pair of gloves (worn)
 q - a +1 chain mail of poison resistance (worn)
 r - a +0 kite shield (worn)
Jewellery
 a - an amulet of regeneration (around neck)
 w - a +4 ring of evasion (left hand)
Scrolls
 b - 2 scrolls of fog {unknown}
 c - a scroll of blinking {unknown}
 d - 2 scrolls of magic mapping {unknown}
 g - a scroll of fear
 m - a scroll of torment {unknown}
 n - a scroll of acquirement {unknown}
 o - 3 scrolls of teleportation
 p - 2 scrolls of summoning {unknown}
 B - a scroll of vulnerability {unknown}
Potions
 e - a potion of lignification
 f - a potion of attraction
 h - 4 potions of heal wounds
 i - 6 potions of curing
 k - a potion of mutation
 l - 2 potions of ambrosia
 v - 2 potions of cancellation {unknown}
 x - 2 potions of degeneration {unknown}
Miscellaneous
 y - a box of beasts


   Skills:
 * Level 9.1 Fighting
 + Level 7.9 Long Blades
 + Level 8.7(9.1) Axes
 + Level 4.1(6.9) Maces & Flails
 * Level 11.1 Armour
 + Level 4.2 Dodging
 + Level 1.9 Stealth
 + Level 3.9 Shields


You had 10 spell levels left.
You didn't know any spells.
Your spell library was empty.

Dungeon Overview and Level Annotations

Branches:
Dungeon (11/15)            Temple (0/1) D:7            Lair (1/6) D:8
    Orc (0/2) D:10

Altars:
Cheibriados
Dithmenos
Elyvilon
Fedhas
Gozag
Hepliaklqana
Makhleb
Uskayaw
Vehumet
Wu Jian
Yredelemnul
Zin
Lugonu

Shops:
D:5 (   D:6 [(?

Portals:
Abyss: D:7

Annotations:
D:7 1 runed translucent door
D:8 2 transporters, robertstho's ghost, novice DjFE
Lair:1 exclusion: 2 oklob plants


Innate Abilities, Weirdness & Mutations

You have a beak for a mouth.
You have claws for feet.
Your magical nature lets you fly swiftly and evasively.


Message History

Found 22 stones.
You see here 22 stones.
Found 14 poisoned darts.
You now have 467 gold pieces (gained 6). 2 oklob plants come into view.
Marking area around 2 oklob plants as unsafe for travelling.
Found 41 gold pieces, a runed war axe and a scroll of identify.
Okay, then.
You slash the plant!
The plant begins to die.
You burn the plant. You claw the plant, but do no damage. You peck the plant.
The plant is lightly damaged.
You slash the plant! You burn the plant.
The plant is lightly damaged.
You slash the plant! You burn the plant. You peck the plant.
The plant is moderately damaged.
A nearby plant withers and dies.
The oklob plant spits acid at you. The splash of acid hits you.
You are splashed with acid!
A red film seems to cover your vision as you go berserk!
You feel yourself moving faster!
You feel mighty!
You slash the oklob plant! You burn the oklob plant.
You peck the oklob plant, but do no damage.
The oklob plant is lightly damaged.
The oklob plant spits acid at you. The splash of acid hits you.
The acid corrodes you!
You are splashed with acid!
You hit the oklob plant but do no damage.
You claw the oklob plant. You peck the oklob plant!
The oklob plant is heavily damaged.
The oklob plant spits acid at you. The splash of acid hits you!!
You are splashed with acid!
The oklob plant spits acid at you.
The splash of acid hits you but does no damage.
The acid corrodes you!
You are splashed with acid!
* * * LOW HITPOINT WARNING * * *
You feel a strong urge to attack something.
The oklob plant spits acid at you. The splash of acid hits you.
* * * LOW HITPOINT WARNING * * *
The acid corrodes you!
You are splashed with acid!!
You die...

##### #?$.# #$)P# #P$.#
##.PP## #.....#
#######.@!##
#########.##.##..#####
.......................
.......................
#....##......####.####.
##.P.#.......# .P.
................ .....
..##.##P.(...........#
#.######.............#


You could see 2 oklob plants.

Vanquished Creatures
  A hydra (D:10)
  Erica (D:11)
  3 two-headed ogres
  An orange crystal statue (D:9)
  2 centaur zombies (D:10)
  Joseph (D:8)
  Maggie (D:7)
  A kobold demonologist (D:10)
  A troll (D:9)
  A shadow (D:9)
  9 yaks
  A wraith (D:11)
  A steam dragon (D:8)
  2 water moccasins
  3 orc warriors
  An ice beast (D:6)
  2 ogres
  4 necrophages
  7 centaurs
  A kobold brigand (D:10)
  5 bullfrogs
  4 scorpions
  A water moccasin skeleton (D:6)
  4 wights (D:10)
  A howler monkey (D:8)
  A bullfrog zombie (D:6)
  5 hounds
  4 jellies
  2 centaur skeletons
  2 orc priests (D:7)
  3 bullfrog skeletons
  2 iguanas
  5 orc wizards
  A hound skeleton (D:4)
  A howler monkey skeleton (D:6)
  8 adders
  4 gnolls (D:5)
  2 shadow imps (D:8)
  2 adder skeletons (D:4)
  A worm (D:5)
  2 dart slugs
  21 orcs
  5 bats
  4 endoplasms
  7 goblins
  5 hobgoblins
  2 quokkas (D:1)
  3 ball pythons
  2 frilled lizards (D:1)
  13 kobolds
  4 rats
170 creatures vanquished.

Vanquished Creatures (others)
  A fungus (Lair:1)
  2 lurking horrors (D:7)
  A plant (Lair:1)
4 creatures vanquished.

Grand Total: 174 creatures vanquished

Notes
Turn   | Place    | Note
-------+----------+-------------------------------------------
     0 | D:1      | robertstho the Tengu Berserker began the quest for the Orb.
     0 | D:1      | Reached XP level 1. HP: 14/14 MP: 2/2
   260 | D:1      | Reached XP level 2. HP: 15/19 MP: 3/3
  1229 | D:2      | Reached XP level 3. HP: 22/23 MP: 4/4
  2529 | D:3      | Found a faded altar of an unknown god.
  2550 | D:3      | Reached XP level 4. HP: 26/29 MP: 5/5
  2790 | D:4      | Reached skill level 3 in Armour
  2881 | D:4      | Noticed a scorpion
  2886 | D:4      | Killed a scorpion
  2887 | D:4      | Reached skill level 1 in Stealth
  2887 | D:4      | Gained mutation: Your magical nature lets you fly swiftly
                  | and evasively. [Tengu growth]
  2887 | D:4      | Reached XP level 5. HP: 33/33 MP: 6/6
  2926 | D:4      | Reached ** piety under Trog
  3146 | D:4      | Found a blossoming altar of Fedhas.
  3149 | D:4      | Found an ornate altar of the Wu Jian Council.
  3152 | D:4      | Found a white marble altar of Elyvilon.
  3155 | D:4      | Found a burning altar of Makhleb.
  3316 | D:4      | Found a glowing silver altar of Zin.
  3434 | D:5      | Entered Level 5 of the Dungeon
  3434 | D:5      | Found a hazy altar of Hepliaklqana.
  3460 | D:5      | Reached XP level 6. HP: 31/39 MP: 7/7
  3552 | D:5      | Reached skill level 5 in Axes
  3931 | D:5      | Found a radiant altar of Vehumet.
  3940 | D:5      | Reached skill level 4 in Armour
  4192 | D:5      | Found Dast's Weapon Shop.
  4202 | D:5      | Noticed a water moccasin
  4213 | D:5      | Killed a water moccasin
  4214 | D:5      | Reached XP level 7. HP: 29/44 MP: 8/8
  4624 | D:5      | Reached skill level 5 in Armour
  5045 | D:6      | Reached skill level 5 in Fighting
  5045 | D:6      | Reached XP level 8. HP: 35/49 MP: 9/9
  5050 | D:6      | Reached skill level 6 in Armour
  5253 | D:6      | Identified the +10 long sword of Vidwudet {holy, rPois
                  | Str+3}
  5308 | D:6      | Found Taicaczige's Antique Armour Shoppe.
  5338 | D:6      | Bought a runed chain mail for 157 gold pieces
  5433 | D:6      | Identified the +10 whip of Spite {flame, Int+2}
  5441 | D:6      | Found Saddedut's Magic Scroll Shoppe.
  5449 | D:6      | Bought a scroll of noise for 13 gold pieces
  5449 | D:6      | Bought a scroll of teleportation for 39 gold pieces
  5580 | D:6      | Found Mobremi's Weapon Shoppe.
  5837 | D:7      | Reached skill level 1 in Maces & Flails
  5837 | D:7      | Reached skill level 7 in Armour
  5925 | D:7      | Noticed a two-headed ogre
  5932 | D:7      | Killed a two-headed ogre
  5933 | D:7      | Reached XP level 9. HP: 41/56 MP: 10/10
  6224 | D:7      | Reached *** piety under Trog
  6235 | D:7      | Found a one-way gate to the infinite horrors of the Abyss.
  6237 | D:7      | Found a corrupted altar of Lugonu.
  6410 | D:7      | Reached skill level 8 in Armour
  6427 | D:7      | Found a staircase to the Ecumenical Temple.
  6542 | D:7      | Noticed Maggie
  6543 | D:7      | Found a runed translucent door.
  6551 | D:7      | Killed Maggie
  6552 | D:7      | Reached skill level 1 in Long Blades
  6553 | D:7      | Found a basalt altar of Yredelemnul.
  6791 | D:8      | Noticed Joseph
  6803 | D:8      | Killed Joseph
  6804 | D:8      | Reached skill level 1 in Shields
  6804 | D:8      | Reached XP level 10. HP: 63/63 MP: 11/11
  6814 | D:8      | Found a staircase to the Lair.
  6914 | D:8      | Found an opulent altar of Gozag.
  6952 | D:8      | Found a transporter.
  6959 | D:8      | Noticed robertstho's ghost (novice DjFE)
  6963 | D:8      | Noticed a white ugly thing
  6966 | D:8      | Found a transporter.
  7208 | D:8      | Found a shadowy altar of Dithmenos.
  7265 | D:8      | Found a hide-covered altar of Uskayaw.
  7644 | D:9      | Reached skill level 9 in Armour
  7649 | D:9      | Found a snail-covered altar of Cheibriados.
  7691 | D:9      | Noticed a two-headed ogre
  7699 | D:9      | Killed a two-headed ogre
  7867 | D:9      | Reached skill level 5 in Long Blades
  7937 | D:9      | Noticed an orange crystal statue
  7959 | D:9      | Killed an orange crystal statue
  7960 | D:9      | Reached skill level 10 in Armour
  8079 | D:9      | Reached **** piety under Trog
  8143 | D:9      | Identified the +6 whip of the People {vorpal, rN+ Will-
                  | Dex+6}
  8155 | D:9      | Reached XP level 11. HP: 69/69 MP: 12/12
  8268 | D:9      | Noticed a two-headed ogre
  8274 | D:9      | Killed a two-headed ogre
  8346 | D:10     | Entered Level 10 of the Dungeon
  8451 | D:10     | Found a staircase to the Orcish Mines.
  8538 | D:10     | Noticed a sixfirhy
  8830 | D:10     | Noticed a five-headed hydra
  8838 | D:10     | Killed a five-headed hydra
  9216 | D:11     | Noticed Erica
  9232 | D:11     | Killed Erica
  9233 | D:11     | Reached skill level 11 in Armour
  9332 | Lair:1   | Entered Level 1 of the Lair of Beasts
  9363 | Lair:1   | Noticed an oklob plant
  9363 | Lair:1   | Noticed an oklob plant
  9375 | Lair:1   | Splashed by an oklob plant's acid

Illustrated notes

Levels and vault maps discovered:
D:1:      roderic_crossed_star, layout_loops_ring,
          chequers_serial_rivers_micro_e, chequers_serial_rivers_micro_c,
          st_stairs_5, minmay_cut_off
D:2:      layout_loops_corners, lightli_corner_chamber
D:3:      layout_rooms, hellmonk_ecumenical_altar_pennies_from_heaven
D:4:      layout_gridville, grunt_temple_overflow_cloverleaf,
          general_overflow_altar
D:5:      layout_basic, nicolae_vehumet_radiance,
          nicolae_hepliaklqana_hazy_memory, serial_shops, nicolae_shop_trees
D:6:      layout_loops_ring, serial_shops, shop_statue, shop, shop
D:7:      layout_cave_pools, dk_yredelemnul_ordeal, minmay_temple_entry_waves,
          minmay_holes, amcnicky_altar_lugonu_corruption, uniq_maggie
D:8:      layout_basic, kennysheep_mini, grunt_gozag_statues, lemuel_tele_altar,
          dpeg_oklobed_lair, nzn_ghost_randoct, uniq_joseph
D:9:      minmay_statue_hallways, layout_rooms, amcnicky_altar_gilded,
          serial_glass, glass_columns_a, glass_columns_b, serial_bayou_pond_e
D:10:     layout_irregular_city, david_orc_2
D:11:     minmay_coctagon, layout_basic, uniq_erica, uniq_nergalle,
          uniq_gastronok
Lair:1:   layout_long_grid, beast_lair_carwin_5, grunt_megastairs_2,
          serial_bayou_shore_b, infiniplex_staircase_pool,
          minmay_lair_oklob_chamber

Skill      XL: |  1  2  3  4  5  6  7  8  9 10 11 |
---------------+----------------------------------+-----
Axes           | 4 5 6 8 |  8.7
Armour         | 3 4 5 7 8 10 11 | 11.1
Fighting       | 4 5 6 7 8 9 |  9.1
Stealth        | 1 |  1.9
Dodging        | 3 4 |  4.2
Maces & Flails | 2 3 4 |  4.1
Long Blades    | 3 6 7 |  7.9
Shields        | 1 2 3 |  3.9

Action                   |  1- 3 |  4- 6 |  7- 9 | 10-12 || total
-------------------------+-------+-------+-------+-------++-------
Melee: Hand axe          |    78 |     6 |       |       ||    84
       Kick              |    16 |    18 |    53 |    68 ||   155
       Peck              |    10 |    11 |    30 |    48 ||    99
       War axe           |       |    57 |    67 |       ||   124
       Whip              |       |       |    37 |    17 ||    54
       Long sword        |       |       |    41 |   133 ||   174
       Scimitar          |       |       |       |     5 ||     5
Invok: Berserk           |     2 |     3 |     7 |    10 ||    22
  Use: Scroll            |     4 |     2 |     3 |     1 ||    10
 Stab: Sleeping          |     3 |       |       |       ||     3
Armor: Animal skin       |     9 |       |       |       ||     9
       Scale mail        |    13 |    28 |    27 |       ||    68
       Chain mail        |       |       |    56 |    76 ||   132
Dodge: Dodged            |    51 |    54 |    86 |    88 ||   279
Block: Kite shield       |       |       |    21 |   112 ||   133
       Rpst.: Long sword |       |       |     4 |    18 ||    22

Table legend: (Time is in decaauts)
 A = Elapsed time spent in this place.
 B = Non-inter-level travel time spent in this place.
 C = Inter-level travel time spent in this place.
 D = Time resting spent in this place.
 E = Time spent auto-exploring this place.
 F = Levels seen in this place.
 G = Mean time per level.
                   A        B        C        D        E       F      G
               +--------+--------+--------+--------+--------+-----+--------+
         Total |   9264 |   8743 |    521 |   1209 |   6289 |  12 |  772.0 |
       Dungeon |   9224 |   8704 |    520 |   1209 |   6262 |  11 |  838.5 |
          Lair |     39 |     39 |      0 |      0 |     27 |   1 |   39.0 |
               +--------+--------+--------+--------+--------+-----+--------+

Top non-repeatable levels by time:
     D:5: 1422 daAuts
     D:2: 1281 daAuts
     D:1: 1142 daAuts
     D:8: 899 daAuts
     D:6: 860 daAuts
    D:10: 851 daAuts
     D:7: 795 daAuts
     D:4: 774 daAuts
     D:9: 774 daAuts
     D:3: 378 daAuts
    D:11: 42 daAuts
  Lair:1: 39 daAuts
